 Dungeon Sprint DCSS version 0.15-a0-1224-g3833f9c (webtiles) character file.

130 PolkaDot the Martial Artist (level 4, -2/31 HPs)
             Began as a Vampire Transmuter on June 2, 2014.
             Killed by divine providence
             ... invoked by a deep elf priest
              (10 damage)
             ... in the Dungeon (Sprint III: "The Ten Rune Challenge").
             The game lasted 00:03:02 (414 turns).

PolkaDot the Martial Artist (Vampire Transmuter)     Turns: 414, Time: 00:03:03

HP  -2/31        AC  6     Str  9      XL: 4   Next: 89%
MP   7/7         EV 12     Int 15      God:
Gold 34          SH  0     Dex 15      Spells:  1 memorised,  6 levels left

rFire  . . .     SeeInvis +       - Unarmed
rCold  . . .     Clarity  .     e - +2 robe
rNeg   + . .     rCorr    .     (no shield)
rPois  .         rRot     .     (no helmet)
rElec  .         Spirit   .     a - +1 cloak
SustAb .         Warding  .     (no gloves)
rMut   .         NoTele   +     (no boots)
Gourm  .                        (no amulet)
MR     .....                    (no ring)
                                (no ring)

@: not resistant to hostile enchantments, very unstealthy
A: fangs 3, talons 1, see invisible, spit poison 1, unbreathing
a: Spit Poison, Bat Form


You were in the Dungeon.
You were not thirsty.

You visited 1 branch You collected 34 gold pieces.

Inventory:

Missiles
 b - 12 arrows
Armour
 a - a +1 cloak (worn)
 e - a +2 robe (worn)
Scrolls
 f - a scroll of torment {unknown}
 j - a scroll of blinking
 k - a scroll of amnesia {unknown}
 o - 2 scrolls of immolation
Potions
 h - 2 potions of magic
 i - a potion of berserk rage
 l - a potion of cure mutation {!q}
 m - 2 potions of flight
 p - a potion of lignification {unknown}
Books
 d - a book of Changes

   Spells                             Type                      Level
   *Beastly Appendage                 Transmutation                1
   Sticks to Snakes                   Transmutation                2
   Spider Form                        Transmutation/Poison         3
   Ice Form                           Ice/Transmutation            4
   Blade Hands                        Transmutation                5


   Skills:
 - Level 0.8 Fighting
 - Level 2.1 Dodging
 + Level 11.0 Unarmed Combat
 - Level 2.0 Spellcasting
 * Level 2.1 Transmutations


You had 6 spell levels left.
You knew the following spells:

 Your Spells              Type           Power        Failure   Level  Hunger
a - Beastly Appendage     Trmt           #.....       12%         1    #......


Dungeon Overview and Level Annotations

Branches:
Dungeon (1/1)

Altars:
Elyvilon
Zin
The Shining One


Innate Abilities, Weirdness & Mutations

You have razor-sharp teeth.*
You have supernaturally acute eyesight.
You can survive without breathing.*
You have sharp toenails.*
You can spit poison.


Message History

You barely miss the deep elf priest.
The deep elf priest is heavily wounded.
The deep elf priest hits you with a glowing long sword.
You convulse.
You hit the deep elf priest.
The deep elf priest is heavily wounded.
The deep elf priest hits you with a long sword of holy wrath!
You convulse.
You miss the deep elf priest. Your kick misses the deep elf priest.
The deep elf priest is heavily wounded.
You punch the deep elf priest! Your kick misses the deep elf priest.
The deep elf priest is severely wounded.
The deep elf priest hits you with a long sword of holy wrath.
You convulse.
* * * LOW HITPOINT WARNING * * *
You miss the deep elf priest. You claw the deep elf priest.
The deep elf priest is severely wounded.
The deep elf priest mumbles some strange prayers to its god against you.
Something smites you!
You die...

▓▓▓▓ ▓▓▓ ...#### ##.#####
......#####..#___#
.......#%%#..#!e.#
#.##...#..#..###@#+###+#
#.###..##'#..#..........#
##.##..###...'!⌠........
..##.[####...#...######+
..##..###....#.⌠.#
.##...##.....#...#
##....#).....#+###
##..##.#.....# #..
####....#


You could see a deep elf priest.

Vanquished Creatures
  A water elemental (D)
  Crazy Yiuf (D)
  A human (D)
  Jessica (D)
  A giant mite (D)
  2 rats (D)
7 creatures vanquished.

Vanquished Creatures (others)
  A draconian scorcher (D)
1 creature vanquished.

Grand Total: 8 creatures vanquished

Notes
Turn   | Place    | Note
--------------------------------------------------------------
     0 | D        | PolkaDot, the Vampire Transmuter, began the quest for the Orb.
     0 | D        | Reached XP level 1. HP: 14/14 MP: 3/3
     2 | D        | Learned a level 1 spell: Beastly Appendage
    14 | D        | Reached skill level 4 in Unarmed Combat
    37 | D        | Reached skill level 5 in Unarmed Combat
    37 | D        | Reached XP level 2. HP: 14/20 MP: 4/4
   145 | D        | Noticed Jessica
   156 | D        | Killed Jessica
   156 | D        | Reached skill level 7 in Unarmed Combat
   224 | D        | Noticed Crazy Yiuf
   243 | D        | Reached skill level 8 in Unarmed Combat
   243 | D        | Reached XP level 3. HP: 25/25 MP: 6/6
   252 | D        | Killed Crazy Yiuf
   252 | D        | Reached skill level 9 in Unarmed Combat
   252 | D        | Reached XP level 4. HP: 8/31 MP: 7/7
   310 | D        | Killed a white draconian scorcher
   393 | D        | Gained mutation: You can spit poison. [potion of mutation]
   393 | D        | Gained mutation: You have sharp toenails. [potion of mutation]
   398 | D        | Noticed a water elemental
   403 | D        | Killed a water elemental
   403 | D        | Reached skill level 11 in Unarmed Combat
   407 | D        | Found a glowing silver altar of Zin.
   408 | D        | Found a glowing golden altar of the Shining One.
   408 | D        | Found a white marble altar of Elyvilon.
   408 | D        | Noticed a deep elf priest
   414 | D        | Killed from afar by a deep elf priest

Action                   |  1- 3 |  4- 6 || total
-------------------------+-------+-------++-------
Melee: Unarmed           |    43 |    10 ||    53
  Use: Potion            |     5 |     1 ||     6
       Scroll            |       |     5 ||     5
